 Dungeon Crawl Stone Soup version 0.29-a0-789-g7a8fcbc185 (webtiles) character file.

Game seed: 9103743157314418289

122 greasedhog the Poker (level 5, -3/41 HPs)
             Began as a Formicid Abyssal Knight on July 2, 2022.
             Was a Priest of Lugonu.
             Slain by Crazy Yiuf
             ... wielding a +3 quarterstaff of chaos
              (13 damage)
             ... on level 3 of the Dungeon.
             The game lasted 00:03:34 (3365 turns).

greasedhog the Poker (Formicid Abyssal Knight)      Turns: 3365, Time: 00:03:34

Health: -3/41      AC:  7    Str: 19    XL:     5   Next: 27%
Magic:  7/7        EV:  9    Int: 10    God:    Lugonu [***...]
Gold:   147        SH:  3    Dex: 14    Spells: 4/4 levels left

rFire   . . .      SeeInvis +   a - +1 spear (venom)
rCold   + . .      Faith    .   c - +0 buckler
rNeg    . . .      Spirit   .   m - +0 scale mail
rPois   .          Reflect  .   (helmet unavailable)
rElec   .          Harm     .   (no cloak)
rCorr   .          Rampage  .   (no gloves)
Will    .....                   d - +0 pair of boots
Stlth   ..........              (no amulet)
HPRegen 0.13/turn               o - ring of protection from cold
MPRegen 0.10/turn               (no ring)

@: lethally poisoned (-3 -> -5)
A: permanent stasis, dig shafts and tunnels, antennae 3, four strong arms
a: Dig, Shaft Self, Renounce Religion, Depart the Abyss, Bend Space, Banish


You were on level 3 of the Dungeon.
You worshipped Lugonu.
Lugonu was most pleased with you.
You visited 1 branch of the dungeon, and saw 4 of its levels.
You visited the Abyss 1 time.

You collected 147 gold pieces.

Inventory:

Hand Weapons
 a - a +1 spear of venom (weapon)
 s - the +4 mace of Prudence {antimagic, rElec rPois}
   (You took it off a hobgoblin on level 3 of the Dungeon)

   It reduces the magical energy of the wielder, and disrupts the spells and
   magical abilities of those it strikes.
   Natural abilities and divine invocations are not affected.
   rElec:     It insulates you from electricity.
   rPois:     It protects you from poison.
Armour
 c - a +0 buckler (worn)
 d - a +0 pair of boots (worn)
 i - a +0 plate armour
 m - a +0 scale mail (worn)
Jewellery
 o - a ring of protection from cold (left hand)
Wands
 p - a wand of iceblast (4)
Scrolls
 e - a scroll of vulnerability {unknown}
 g - 3 scrolls of immolation {unknown}
 h - 2 scrolls of enchant weapon
 j - a scroll of silence {unknown}
 k - a scroll of noise {unknown}
 l - a scroll of poison {unknown}
 n - a scroll of teleportation {unknown}
 r - a scroll of amnesia {unknown}
 u - a scroll of enchant armour {unknown}
Potions
 b - a potion of mutation {unknown}
 f - a potion of curing
 q - a potion of lignification {unknown}
 t - 2 potions of brilliance {unknown}
 v - 2 potions of heal wounds {unknown}


   Skills:
 - Level 3.2 Fighting
 * Level 4.4 Polearms
 - Level 2.1 Armour
 - Level 0.8 Dodging
 * Level 3.5 Invocations


You had 4 spell levels left.
You didn't know any spells.
Your spell library contained the following spells:

 Spells                   Type           Power      Damage    Failure   Level
 Poisonous Vapours        Pois/Air       0%         N/A       92%         2
 Corpse Rot               Necr/Pois/Air  0%         N/A       100%        4
 Manifold Assault         Tloc           0%         N/A       100%        5
 Storm Form               Tmut/Air       0%         N/A       100%        7
 Blink                    Tloc           Unusable   N/A       N/A         2

Dungeon Overview and Level Annotations

Branches:
Dungeon (4/15)
 Temple: D:4-7

Altars:
Cheibriados
Ru

Annotations:
D:3 3 runed translucent doors, Crabhammer's ghost, amateur MfTm; Crazy Yiuf


Innate Abilities, Weirdness & Mutations

You cannot be hasted, slowed, berserked, paralysed or teleported.
You can dig through walls and to a lower floor.
You have a pair of large antennae on your head. (SInv)
Your four strong arms can wield two-handed weapons with a shield.


Message History

The endoplasm is moderately wounded.
The endoplasm hits you but does no damage.
You puncture the endoplasm!
You kill the endoplasm!
Lugonu accepts your kill.
No target in view!
Found a stone staircase leading up.
g - 3 scrolls labelled JOTAVIANWE (gained 1)
There is a stone staircase leading down here.
Things that are here:
a staff of fire; 8 stones; a kobold skeleton Crazy Yiuf shouts!
Crazy Yiuf whimpers, "Citrus!"
Could not explore, unopened runed door.
Failed to move towards target.
You open the door. You puncture Crazy Yiuf!
Crazy Yiuf is poisoned.
Crazy Yiuf is moderately wounded.
You block Crazy Yiuf's attack.
You barely miss Crazy Yiuf.
Crazy Yiuf is heavily wounded.
Crazy Yiuf hits you with a +3 quarterstaff of chaos.
You are poisoned.
You hit Crazy Yiuf but do no damage.
Crazy Yiuf is severely wounded.
You feel sick.
Crazy Yiuf screams, "Two!
Proton sallow unthinkable."
Crazy Yiuf hits you with a +3 quarterstaff of chaos!
Crazy Yiuf freezes you.
You closely miss Crazy Yiuf.
Crazy Yiuf is severely wounded.
You feel sick.
You hit Crazy Yiuf.
Crazy Yiuf looks as sick as possible!
Crazy Yiuf is almost dead.
You feel sick. Crazy Yiuf closely misses you.
You hit Crazy Yiuf but do no damage.
Crazy Yiuf looks as sick as possible!
Crazy Yiuf is almost dead.
You feel sick.
Crazy Yiuf hits you with a +3 quarterstaff of chaos!
You die...

..............#
#.####.#..# #[.
...#####...##.# ##.##
#.#..# ### ..##
##.###.# #...#
#.#..###### ..# ###
### ##### ###..##P^P^
..# #..##P.PP ..#
#..##PP_. #.# ###
♣♣##..##P... #.#
#)..#♣♣ ♣♣..#..##^.^P
#.########
#...g@♣♣♣♣......####.#
.........#
#...#♣..♣.......# #P.#
.........# ###
♣♣♣.♣...#..# #..P
....####.# ♣♣♣♣♣##..#
#.## ###.# #.# #.##
##.# ###.####.# ###
###.#####.# .....<##.#
#.# #<#........
......##.## #.#
#.########.
......#...###.### #.#
##.#


You could see Crazy Yiuf (extremely poisoned).

Vanquished Creatures
  Terence (D:2)
  An iguana (D:3)
  An adder (D:2)
  4 dart slugs (D:1)
  2 ball pythons
  7 bats
  6 endoplasms
  2 giant cockroaches (D:2)
  4 goblins
  7 hobgoblins
  7 jackals (D:3)
  A frilled lizard (D:1)
  3 kobolds
  3 rats (D:1)
49 creatures vanquished.

Notes
Turn   | Place    | Note
-------+----------+-------------------------------------------
     0 | Abyss:1  | greasedhog the Formicid Abyssal Knight began the quest for
                  | the Orb.
     0 | Abyss:1  | Reached XP level 1. HP: 18/18 MP: 2/2
     1 | D:1      | Escaped the Abyss
   146 | D:1      | Reached XP level 2. HP: 18/24 MP: 4/4
   526 | D:1      | Reached XP level 3. HP: 29/29 MP: 5/5
  1094 | D:1      | Found a faded altar of an unknown god.
  1475 | D:2      | Reached skill level 3 in Polearms
  1575 | D:2      | Noticed Terence
  1596 | D:2      | Reached XP level 4. HP: 18/35 MP: 6/6
  1797 | D:2      | Killed Terence
  2224 | D:2      | Reached *** piety under Lugonu
  2401 | D:3      | Found a runed translucent door.
  2402 | D:3      | Noticed Crazy Yiuf
  2426 | D:3      | Found a sacrificial altar of Ru.
  2553 | D:3      | Found a runed translucent gate.
  2553 | D:3      | Found a runed translucent gate.
  2555 | D:3      | Found a runed translucent gate.
  2557 | D:3      | Noticed Crabhammer's ghost (amateur MfTm)
  2561 | D:3      | Identified the +4 mace of Prudence {antimagic, rElec rPois}
  2568 | D:3      | Reached skill level 4 in Polearms
  2568 | D:3      | Reached XP level 5. HP: 25/41 MP: 7/7
  2881 | D:3      | You fall into a shaft and drop 1 floor!
  3007 | D:3      | Found a snail-covered altar of Cheibriados.
  3365 | D:3      | Slain by Crazy Yiuf

Illustrated notes

Levels and vault maps discovered:
D:1:      saegor_arrival_simple_a, layout_loops_ring,
          shapermc_ecumenical_altar_flowoftime
D:2:      layout_basic, uniq_terence
D:3:      layout_loops_ring, mainiacjoe_overflow_small_starburst,
          nicolae_ru_the_path_less_chosen, gammafunk_ghost_split,
          uniq_crazy_yiuf_cottage
D:4:      layout_rooms, minmay_diced_spiral, uniq_duvessa, uniq_pikel

Skill      XL: |  1  2  3  4 |
---------------+-------------+-----
Invocations    | 3 |  3.5
Polearms       | 3 4 |  4.4
Fighting       | |  3.2
Armour         | |  2.1
Dodging        | |  0.8

Action                   |  1- 3 |  4- 6 || total
-------------------------+-------+-------++-------
Melee: Spear             |    93 |    83 ||   176
       Punch             |     1 |       ||     1
Invok: Bend Space        |       |     1 ||     1
  Use: Scroll            |     2 |     3 ||     5
       Potion            |       |     1 ||     1
 Stab: Sleeping          |     1 |       ||     1
Armor: Leather armour    |    18 |     5 ||    23
       Scale mail        |       |    27 ||    27
Dodge: Dodged            |    31 |    39 ||    70
Block: Buckler           |     7 |    12 ||    19

Table legend: (Time is in decaauts)
 A = Elapsed time spent in this place.
 B = Non-inter-level travel time spent in this place.
 C = Inter-level travel time spent in this place.
 D = Time resting spent in this place.
 E = Time spent auto-exploring this place.
 F = Levels seen in this place.
 G = Mean time per level.
                   A        B        C        D        E       F      G
               +--------+--------+--------+--------+--------+-----+--------+
         Total |   3356 |   3195 |    161 |    407 |   2351 |   5 |  671.2 |
       Dungeon |   3355 |   3194 |    161 |    407 |   2351 |   4 |  838.8 |
         Abyss |      1 |      1 |      0 |      0 |      0 |   1 |    1.0 |
               +--------+--------+--------+--------+--------+-----+--------+

Top non-repeatable levels by time:
     D:1: 1435 daAuts
     D:3: 1200 daAuts
     D:2: 708 daAuts
     D:4: 10 daAuts
 Abyss:1: 1 daAuts
